 Dungeon Crawl Stone Soup version 0.22-a0-374-g5dfd9e3 (webtiles) character file.

291 JeffiDaFish the Firebug (level 6, 0/47 HPs)
             Began as a Draconian Fire Elementalist on Apr 27, 2018.
             Slain by an iguana (10 damage)
             ... on level 4 of the Dungeon.
             The game lasted 00:11:04 (6157 turns).

JeffiDaFish the Firebug (DrFE)                      Turns: 6157, Time: 00:11:04

Health: 0/47       AC:  6    Str: 10      XL:     6   Next: 10%
Magic:  1/10       EV: 12    Int: 16 (17) God:
Gold:   216        SH:  0    Dex: 15      Spells: 2/10 levels left

rFire    . . .     SeeInvis .   e - +3 short sword (holy)
rCold    . . .     Gourm    .   (no shield)
rNeg     . . .     Faith    .   (armour unavailable)
rPois    .         Spirit   .   (helmet restricted)
rElec    .         Reflect  .   (no cloak)
rCorr    .         Harm     .   (no gloves)
MR       .....                  (no boots)
Stlth    ++........             (no amulet)
HPRegen  0.15/turn              k - +3 ring of dexterity
MPRegen  0.12/turn              (no ring)

@: very slightly contaminated
A: unfitting armour, cold-blooded, AC +6
a: no special abilities


You were on level 4 of the Dungeon.
You were hungry.

You visited 1 branch of the dungeon, and saw 4 of its levels.

You collected 216 gold pieces.

Inventory:

Hand Weapons
 e - a +3 short sword of holy wrath (weapon)
Armour
 g - a +0 buckler
Jewellery
 k - a +3 ring of dexterity (left hand)
Scrolls
 a - 3 scrolls of identify
 d - a scroll of blinking
 h - a scroll of teleportation
 j - a scroll of remove curse
Potions
 c - a potion of brilliance
 f - 2 potions of curing
 i - a potion of flight
 m - a potion of heal wounds
Comestibles
 b - 14 rations
 l - 2 chunks of flesh


   Skills:
 - Level 1.1 Fighting
 - Level 2.0 Short Blades
 - Level 2.0 Dodging
 - Level 2.4 Stealth
 - Level 0.1 Unarmed Combat
 + Level 2.8 Spellcasting
 * Level 3.0 Conjurations
 * Level 4.5 Fire Magic


You had 2 spell levels left.
You knew the following spells:

 Your Spells              Type           Power        Failure   Level  Hunger
a - Flame Tongue          Conj/Fire      ##...        4%          1    #......
b - Sticky Flame          Conj/Fire      ##......     38%         4    #####..
c - Conjure Flame         Conj/Fire      ##......     12%         3    ###....


Dungeon Overview and Level Annotations

Branches:
Dungeon (4/15)
 Temple: D:4-7

Altars:

Annotations:
D:4 Deathtrap2010's ghost, amateur DsFi


Innate Abilities, Weirdness & Mutations

Your plain brown scales are hard. (AC +6)
You cannot fit into any form of body armour.
You are cold-blooded and may be slowed by cold attacks.


Message History

You barely miss the iguana.
The iguana is lightly wounded.
The iguana bites you!
* * * LOW HITPOINT WARNING * * *
Casting: Conjure Flame (safe; 12% risk of failure)
Confirm with . or Enter, or press ? or * to list all spells.
Aiming: Conjure Flame (safe; 12% risk of failure)
Press: ? - help, Dir - move target cursor, f/p - iguana
Aim: an iguana (lightly wounded)
You can't place the cloud on a creature.
Casting: Conjure Flame (safe; 12% risk of failure)
Confirm with . or Enter, or press ? or * to list all spells.
Aiming: Sticky Flame (quite dangerous; 38% risk of failure)
Press: ? - help, Shift-Dir - straight line, f/p - iguana
Aim: an iguana (lightly wounded)
You miscast Sticky Flame.
You are very lightly contaminated with residual magic.
You are momentarily dazzled by a flash of light!
The iguana bites you!
You die...

#...........#
......†.<... #.#
........##..#####.####
#.# #......... #.####
#.# #)# .... #.....
##.###.# #..# ######
#......# #..# #
#..##### #..# #
#####..########..# #
.............ol@..# #
######.##.######..# #
#.##.######..# #
##...)).......# #####
#....†......### #....
##..#.####### #.###
##...#...# #.###
#....#.#..# #....
#####.####.###..P
#.###


You could see an iguana and an orc.

Vanquished Creatures
  A bullfrog skeleton (D:4)
  4 orc wizards
  4 adders
  2 worms (D:2)
  3 dart slugs
  5 leopard geckos
  21 orcs
  10 bats
  2 giant cockroaches (D:1)
  9 goblins
  7 hobgoblins
  7 kobolds
  2 quokkas
  2 ball pythons
  6 frilled lizards
  5 rats
90 creatures vanquished.

Notes
Turn   | Place    | Note
-------+----------+-------------------------------------------
     0 | D:1      | JeffiDaFish the Draconian Fire Elementalist began the quest for the Orb.
     0 | D:1      | Reached XP level 1. HP: 14/14 MP: 3/3
   603 | D:1      | Reached XP level 2. HP: 20/20 MP: 0/5
  1571 | D:1      | Reached XP level 3. HP: 26/26 MP: 3/6
  3454 | D:2      | Reached XP level 4. HP: 33/33 MP: 7/7
  4187 | D:3      | Reached skill level 4 in Fire Magic
  4716 | D:3      | Reached skill level 1 in Short Blades
  4804 | D:3      | Learned a level 4 spell: Sticky Flame
  5048 | D:3      | Reached XP level 5. HP: 19/39 MP: 1/8
  5406 | D:4      | Noticed Deathtrap2010's ghost (amateur DsFi)
  5798 | D:3      | Learned a level 3 spell: Conjure Flame
  5860 | D:4      | Reached skill level 1 in Fighting
  6113 | D:4      | Reached XP level 6. HP: 34/47 MP: 8/10
  6157 | D:4      | Slain by an iguana

Vault maps used:
D:1:      tarquinn_simple_flora_water_b, st_stairs_5, minmay_unequal
D:2:      serial_bayou_lagoon_a
D:4:      nicolae_ru_the_path_less_chosen, first_ration, serial_shops, shop,
          minmay_lizard_king

Skill      XL: |  1  2  3  4  5  6 |
---------------+-------------------+-----
Dodging        | 2 |  2.0
Stealth        | 2 |  2.4
Conjurations   | 2 3 |  3.0
Fire Magic     | 4 |  4.5
Short Blades   | 1 2 |  2.0
Fighting       | 1 |  1.1
Unarmed Combat | |  0.1
Spellcasting   | |  2.8

Action                   |  1- 3 |  4- 6 || total
-------------------------+-------+-------++-------
Melee: Unarmed           |    30 |       ||    30
       Short sword       |    54 |   122 ||   176
       Tailslap          |     3 |    12 ||    15
 Cast: Flame Tongue      |    51 |    53 ||   104
       Sticky Flame      |       |     2 ||     2
  Use: Scroll            |     8 |     4 ||    12
       Potion            |     4 |     3 ||     7
 Stab: Sleeping          |     2 |     1 ||     3
  Eat: Chunk             |     9 |     9 ||    18
Armor: Skin              |    36 |    59 ||    95
Dodge: Dodged            |    71 |   104 ||   175

Table legend:
 A = Spawn XP
 B = Non-spawn XP
 C = Spawn XP percentage of total XP
 D = Spawn monster count
 E = Non-spawn monster count
 F = Spawn count percentage of total count
 G = Total turns spent on level
                    A         B        C        D         E        F      G
               +---------+---------+-------+---------+---------+-------+---------
         Total |       0 |     417 |   0.0 |       0 |      90 |   0.0 |  6157
               +---------+---------+-------+---------+---------+-------+---------
           D:1 |       0 |      46 |   0.0 |       0 |      25 |   0.0 |  1940
           D:2 |       0 |      51 |   0.0 |       0 |      13 |   0.0 |  2097
           D:3 |       0 |     133 |   0.0 |       0 |      35 |   0.0 |  1554
           D:4 |       0 |     187 |   0.0 |       0 |      17 |   0.0 |   566
               +---------+---------+-------+---------+---------+-------+---------
